AoeStats
← Bu7

Glade

510291990Analyzed
1v1 RM · 1d ago on Sep 30, 2026· 30m 3s· 2 players
Game mode
Random Map
Map size
Tiny (2 player)
Population
200
Speed
Normal
Resources
Standard
Victory
Conquest
Starting age
Dark Age
Ending age
Imperial Age
RankedLock teamsTeams togetherTeam positionsShared explorationLock speedFull tech treeHidden civsTurbo modeCheats
Victory
Defeat
🇦🇺 Slavs · Australia
956
+13
🇹🇷 Saracens · Türkiye
897
-13
Bu7
8:36 Loom
11:11 Feudal Age
11:54 Double-Bit Axe
11:56 Horse Collar
16:40 Gold Mining
18:19 Fletching
22:14 Castle Age
22:20 Castle Age
20:26 Stone Mining
22:37 Pikeman
22:51 Crossbowman
24:16 Bow Saw
24:10 Heavy Plow
25:18 Bodkin Arrow
27:14 Forging
28:03 Gold Shaft Mining
scalpel0011
4:13 Loom
13:03 Feudal Age
13:17 Man-at-Arms
14:37 Scale Mail Armor
20:27 Castle Age
18:11 Horse Collar
19:15 Double-Bit Axe
20:18 Forging
21:15 Long Swordsman
23:13 Chain Mail Armor
23:31 Squires
25:37 Pikeman
27:05 Gold Mining
Connection lost

Rejoining the realm…

Still unreachable

The connection could not be restored.

Session expired

The server has moved on; the page needs a fresh start.